 Dungeon Crawl Stone Soup version 0.30-a0-457-g4b7bca3bfa (webtiles) character file.

Game seed: 9021304138118080314

1111 GenialerGandalf the Cleaver (level 8, -1/69 HPs)
             Began as a Hill Orc Fighter on Dec 13, 2022.
             Was an Initiate of Beogh.
             Slain by a necrophage (4 damage)
             ... on level 5 of the Dungeon.
             The game lasted 00:26:02 (5205 turns).

GenialerGandalf the Cleaver (Hill Orc Fighter)      Turns: 5205, Time: 00:26:02

Health: -1/69      AC:  7    Str: 21    XL:     8   Next: 33%
Magic:  9/10       EV:  9    Int:  8    God:    Beogh [......]
Gold:   226        SH:  4    Dex: 10    Spells: 7/7 levels left

rFire   . . .      SeeInvis .    a - +0 war axe
rCold   . . .      Faith    .    c - +0 buckler
rNeg    . . .      Spirit   .    b - +0 scale mail
rPois   .          Reflect  .    (no helmet)
rElec   .          Harm     .    (no cloak)
rCorr   .          Rampage  .    (no gloves)
Will    .....                    (no boots)
Stlth   ..........               g - amulet of the acrobat
HPRegen 0.31/turn                (no ring)
MPRegen 0.12/turn                (no ring)

@: mighty, lethally poisoned (-1 -> -4)
A: no striking features
a: Renounce Religion


You were on level 5 of the Dungeon.
You worshipped Beogh.
Beogh was noncommittal.
You visited 1 branch of the dungeon, and saw 5 of its levels.
You also visited: Sewer.

You collected 226 gold pieces.

Inventory:

Hand Weapons
 a - a +0 war axe (weapon)
Armour
 b - a +0 scale mail (worn)
 c - a +0 buckler (worn)
Jewellery
 e - a ring of willpower
 g - an amulet of the acrobat (around neck)
 x - an amulet of guardian spirit
Wands
 u - a wand of charming (8)
Scrolls
 h - a scroll of summoning
 j - 3 scrolls of noise
 k - a scroll of amnesia
 p - 2 scrolls of teleportation
 r - a scroll of identify
 s - a scroll of silence {unknown}
 t - 3 scrolls of blinking {unknown}
 y - a scroll of magic mapping {unknown}
 z - a scroll of poison {unknown}
Potions
 d - 2 potions of might
 f - 2 potions of brilliance
 i - 3 potions of heal wounds {unknown}
 m - 5 potions of degeneration
 n - a potion of invisibility {unknown}
 o - 2 potions of flight
 q - 2 potions of mutation {unknown}
 v - a potion of haste {unknown}
 w - a potion of attraction {unknown}


   Skills:
 * Level 5.4 Fighting
 * Level 8.7 Axes
 * Level 6.4 Armour
 * Level 4.6 Shields
 * Level 2.8 Invocations


You had 7 spell levels left.
You didn't know any spells.
Your spell library contained the following spells:

 Spells                   Type           Power      Damage    Failure   Level
 Dazzling Flash           Conj/Hex       0%         N/A       99%         3
 Iskenderun's Mystic Bla  Conj/Tloc      0%         2d3       100%        4
 Starburst                Conj/Fire      0%         6d3       100%        6


Dungeon Overview and Level Annotations

Branches:
Dungeon (5/15)              Sewer (visited)
 Temple: D:4-7

Altars:

Shops:
D:2 =(!   D:3 =   D:4 =


Message History

You feel very mighty all of a sudden. You block the orc warrior's attack.
You hit the orc warrior.
The orc warrior is moderately wounded.
You block the orc warrior's attack.
You slash the orc warrior!
The orc warrior is severely wounded.
The orc warrior hits you with a +0 flail.
* * * LOW HITPOINT WARNING * * *
You feel better.
The orc warrior hits you with a +0 flail!
* * * LOW HITPOINT WARNING * * *
The orc priest looks encouraged for a moment.
You hit the orc warrior.
You kill the orc warrior!
Beogh accepts your kill.
You slash the orc priest!
The orc priest is severely wounded.
You block the orc priest's attack.
You closely miss the orc priest.
The orc priest is severely wounded.
The orc priest hits you but does no damage.
You are lethally poisoned!
The orc priest looks encouraged for a moment.
You slash the orc priest!
You kill the orc priest!
Beogh accepts your kill.
Beogh appreciates your killing of a heretic priest.
* * * LOW HITPOINT WARNING * * *
You feel sick.
You slash the necrophage!
The necrophage is heavily damaged.
* * * LOW HITPOINT WARNING * * *
You feel sick.
The necrophage hits you but does no damage.
You hit the necrophage.
The necrophage is almost destroyed.
* * * LOW HITPOINT WARNING * * *
You feel sick. The necrophage hits you.
You die...

## #######...# ###
#.. ###. #.<.....#
#.. #.. ....
.(..###...# #.# #.#
...# #.#.###.....
#.# #.# ...#
........# . #.# #.#
... #.#.##..# #.#
#.###.####.
#...##..## #@#
###..........
......<...
##n###.n.........#
#...##..##
##.#†##.#.:.....###
##..##..#
##.###...#....####
#.####..# ###.##
##.##.#### ..#
#..###..## ##.#..
..# #..##....##
##..
..####..##...#.##
#...
#...............#
#.##


You could see a necrophage.

Vanquished Creatures
  Pikel (D:4)
  An orc warrior (D:5)
  A black bear (D:4)
  A lemure (D:4)
  3 scorpions
  An orc priest (D:5)
  An orc wizard (D:4)
  A merfolk avatar (Sewer)
  A merfolk siren (Sewer)
  9 adders
  2 river rats (Sewer)
  A worm (D:2)
  3 dart slugs
  12 orcs
  10 ball pythons
  7 endoplasms
  6 giant cockroaches
  8 goblins
  4 hobgoblins
  6 kobolds
  10 quokkas
  4 bats
  6 frilled lizards
  31 rats
130 creatures vanquished.

Vanquished Creatures (others)
  2 orcs (D:4)
  5 plants (D:2)
7 creatures vanquished.

Grand Total: 137 creatures vanquished

Notes
Turn   | Place    | Note
-------+----------+-------------------------------------------
     0 | D:1      | GenialerGandalf the Hill Orc Fighter began the quest for
                  | the Orb.
     0 | D:1      | Reached XP level 1. HP: 19/19 MP: 1/1
   186 | D:1      | Reached XP level 2. HP: 27/27 MP: 2/2
   297 | D:1      | Reached skill level 3 in Axes
   776 | D:1      | Found a faded altar of an unknown god.
   865 | D:2      | Found Deemmapn's Distillery.
   868 | D:2      | Found Kyboexim's Antique Weapon Shop.
   915 | D:2      | Found Gesot's Jewellery Shoppe.
   923 | D:2      | Reached XP level 3. HP: 26/33 MP: 3/3
  1216 | D:2      | Reached skill level 4 in Axes
  1809 | D:3      | Found Vejex Byj's Jewellery Shoppe.
  1956 | D:3      | Reached XP level 4. HP: 23/40 MP: 4/4
  2375 | D:3      | Found a glowing drain.
  2410 | Sewer    | Entered a sewer
  2443 | Sewer    | Reached skill level 5 in Axes
  2533 | Sewer    | Reached XP level 5. HP: 21/46 MP: 5/5
  2765 | Sewer    | Noticed a malarious merfolk avatar
  2780 | Sewer    | Killed a malarious merfolk avatar
  3115 | D:3      | Reached skill level 6 in Axes
  3648 | D:4      | Reached XP level 6. HP: 34/53 MP: 6/6
  3995 | D:4      | Became a worshipper of Beogh the Brigand
  4049 | D:4      | Noticed Pikel
  4073 | D:4      | Killed Pikel
  4074 | D:4      | Reached skill level 7 in Axes
  4074 | D:4      | Reached skill level 5 in Armour
  4074 | D:4      | Reached skill level 1 in Invocations
  4074 | D:4      | Reached XP level 7. HP: 12/60 MP: 6/8
  4270 | D:4      | Reached skill level 5 in Fighting
  4270 | D:4      | Reached skill level 8 in Axes
  4421 | D:4      | Reached XP level 8. HP: 41/68 MP: 9/9
  4638 | D:4      | Found Koehog's Jewellery Emporium.
  5111 | D:5      | Entered Level 5 of the Dungeon
  5204 | D:5      | HP: 3/69 [poisoned by an orc priest]
  5205 | D:5      | Slain by a necrophage

Illustrated notes

Levels and vault maps discovered:
D:1:      scummos_arrival_hexagon, layout_basic,
          shapermc_ecumenical_altar_notcrosses
D:2:      layout_loops_ring, serial_shops, nicolae_shop_overgrown_old_shop,
          shop, shop
D:3:      minmay_skewed_foursquare, layout_loops_corners, serial_shops,
          nicolae_shop_hallway_plus, gup_sewer_entry_pipe
D:4:      layout_basic, serial_shops, shop, uniq_pikel
D:5:      minmay_recursive_quarters, layout_loops_ring,
          minmay_temple_entry_statues, minmay_a_box_with_orc_wizards_in_it

Skill      XL: |  1  2  3  4  5  6  7  8 |
---------------+-------------------------+-----
Axes           | 3 4 5 6 7 8 |  8.7
Fighting       | 4 5 |  5.4
Armour         | 4 5 6 |  6.4
Shields        | 4 |  4.6
Invocations    | 1 2 |  2.8

Action                   |  1- 3 |  4- 6 |  7- 9 || total
-------------------------+-------+-------+-------++-------
Melee: War axe           |    99 |   272 |    78 ||   449
Invok: Convert to Beogh  |       |     1 |       ||     1
  Use: Scroll            |     3 |     3 |       ||     6
       Potion            |       |     3 |     3 ||     6
Armor: Scale mail        |    41 |   109 |    47 ||   197
Dodge: Dodged            |    46 |   145 |    28 ||   219
Block: Buckler           |    24 |    60 |    19 ||   103

Table legend: (Time is in decaauts)
 A = Elapsed time spent in this place.
 B = Non-inter-level travel time spent in this place.
 C = Inter-level travel time spent in this place.
 D = Time resting spent in this place.
 E = Time spent auto-exploring this place.
 F = Levels seen in this place.
 G = Mean time per level.
                   A        B        C        D        E       F      G
               +--------+--------+--------+--------+--------+-----+--------+
         Total |   5393 |   5250 |    143 |    734 |   1750 |   6 |  898.8 |
       Dungeon |   4715 |   4572 |    143 |    611 |   1750 |   5 |  943.0 |
         Sewer |    678 |    678 |      0 |    123 |      0 |   1 |  678.0 |
               +--------+--------+--------+--------+--------+-----+--------+

Top non-repeatable levels by time:
     D:4: 1496 daAuts
     D:3: 1379 daAuts
     D:2: 873 daAuts
     D:1: 869 daAuts
   Sewer: 678 daAuts
     D:5: 96 daAuts
